 Dungeon Crawl Stone Soup version 0.20-a0-1122-gb7cbeb9 (webtiles) character file.

942 wolfsongas the Chopper (level 7, 46/46 HPs)
             Began as a Demonspawn Berserker on May 15, 2017.
             Was an Elder of Trog.
             Quit the game on level 4 of the Dungeon.
             The game lasted 00:13:10 (4758 turns).

wolfsongas the Chopper (Demonspawn Berserker)       Turns: 4758, Time: 00:13:11

Health: 46/46      AC:  5    Str: 23      XL:     7   Next: 88%
Magic:  7/7        EV: 11    Int: 11      God:    Trog [****..]
Gold:   14         SH:  5    Dex: 10 (12) Spells: 6/6 levels left

rFire    + . .     SeeInvis +   f - +0 war axe
rCold    . . .     Gourm    .   j - +1 buckler
rNeg     . . .     Faith    .   e - +0 ring mail
rPois    +         Spirit   .   (no helmet)
rElec    .         Reflect  .   (no cloak)
rCorr    .         Harm     .   (no gloves)
MR       .....                  (no boots)
Stlth    ..........             (no amulet)
Regen    0.6/turn               b - +4 ring of strength
MPRegen  0.1/turn               i - ring of see invisible

@: no status effects
A: clever 1, fire resistance 1, frail 1, high mp 1, sense surroundings 1, poison
resistance, regeneration 1, sanguine armour 2
a: Berserk, Trog's Hand, Brothers in Arms, Burn Spellbooks, Renounce Religion


You were on level 4 of the Dungeon.
You worshipped Trog.
Trog was greatly pleased with you.
You were full.

You visited 1 branch of the dungeon, and saw 5 of its levels.

You collected 222 gold pieces.
You spent 208 gold pieces at shops.

Inventory:

Hand Weapons
 f - a +0 war axe (weapon)
Armour
 e - a +0 ring mail (worn)
 j - a +1 buckler (worn)
Jewellery
 b - a +4 ring of strength (left hand)
 i - a ring of see invisible (right hand)
Wands
 h - a wand of digging (24/24)
Scrolls
 a - a scroll of recharging
 c - a scroll of teleportation
 k - 3 scrolls of enchant armour
 p - a scroll of fog
Potions
 m - a potion of agility
 n - 2 potions of lignification
 o - 2 potions of might
 q - 2 potions of curing
Comestibles
 d - a meat ration
 g - 2 chunks of flesh
 l - 3 bread rations


   Skills:
 - Level 3.0 Fighting
 * Level 7.7 Axes
 - Level 1.7 Armour
 - Level 1.7 Dodging
 + Level 3.7 Shields


You had 6 spell levels left.
You didn't know any spells.

Dungeon Overview and Level Annotations

Branches:
Dungeon (5/15)             Temple (0/1) D:5

Altars:
Qazlal

Shops:
D:4 !

Annotations:
D:5 bmwyatt74's ghost, novice DsBe


Innate Abilities, Weirdness & Mutations

Your flesh is heat resistant. (rF+)
When seriously injured, your bleeding wounds create thick armour. (AC +0)
Your mind is acute. (Int +2)
You are frail. (-10% HP)
You have an increased reservoir of magic. (+10% MP)
You passively map a small area around you.
Your system is resistant to poisons. (rPois)
Your natural rate of healing is unusually fast.


Message History

You kill the leopard gecko!
Trog accepts your kill.
You see here a leopard gecko corpse.
You now have 118 gold pieces (gained 14).
You see here a leopard gecko corpse.
There is a stone staircase leading up here.
You climb upwards.
There is a stone staircase leading down here.
Things that are here:
a ring mail; a dagger You see here 18 arrows.
There is an entrance to Amowuso's Distillery here.
r - a potion of mutation Thank you for shopping at Amowuso's Distillery!
You feel extremely strange.
Your hooves expand and flesh out into feet!
Your body's shape seems more normal.
You feel more energetic.
You feel clever.
Are you sure you want to abandon this character and quit the game? (Confirm with "yes".)
Okay, then.
Are you sure you want to abandon this character and quit the game? (Confirm with "yes".)

#.)..## #)#### ###### ....##
#....# .....######## #....#
.##.........###....#
######...##........#
########.######....#
.......[...(.......#
.....###..#####.@..# .....#
##..####..∩.### .#####
##[).##......# .####
###..#......#
....#########.#......#
###........##........########
######.....###..............#
............................#
######.....####.............#


There were no monsters in sight!

Vanquished Creatures
  A sky beast (D:5)
  An ogre (D:5)
  An ice beast (D:3)
  A centaur (D:5)
  A quasit (D:5)
  4 orc wizards (D:4)
  An orc priest (D:4)
  A centaur skeleton (D:4)
  2 bullfrog skeletons
  An iguana (D:4)
  2 worker ants (D:4)
  4 gnolls (D:3)
  8 adders
  2 worms
  2 dart slugs
  2 leopard geckos (D:5)
  13 orcs
  2 ball pythons
  8 giant cockroaches
  9 goblins
  15 hobgoblins
  14 jackals
  5 quokkas
  8 bats
  5 frilled lizards
  8 kobolds
  30 rats
151 creatures vanquished.

Notes
Turn   | Place    | Note
-------+----------+-------------------------------------------
     0 | D:1      | wolfsongas the Demonspawn Berserker began the quest for the Orb.
     0 | D:1      | Reached XP level 1. HP: 18/18 MP: 1/1
    96 | D:1      | Reached skill level 3 in Axes
   138 | D:1      | Gained mutation: When seriously injured, your bleeding wounds create armour. (AC +0) [demonic ancestry]
   138 | D:1      | Reached XP level 2. HP: 19/24 MP: 2/2
  1009 | D:1      | Reached ** piety under Trog
  1009 | D:1      | Gained mutation: When seriously injured, your bleeding wounds create thick armour. (AC +0) [demonic ancestry]
  1009 | D:1      | Reached XP level 3. HP: 22/29 MP: 3/3
  1103 | D:2      | Reached skill level 4 in Axes
  1441 | D:2      | Reached XP level 4. HP: 31/35 MP: 4/4
  2053 | D:3      | Noticed an ice beast
  2060 | D:3      | Killed an ice beast
  2060 | D:3      | Reached skill level 5 in Axes
  2060 | D:3      | Reached skill level 1 in Shields
  2060 | D:3      | Gained mutation: Your flesh is heat resistant. (rF+) [demonic ancestry]
  2060 | D:3      | Reached XP level 5. HP: 41/41 MP: 5/5
  2803 | D:3      | Reached *** piety under Trog
  2850 | D:3      | Reached XP level 6. HP: 47/47 MP: 6/6
  3192 | D:4      | Reached skill level 6 in Axes
  3458 | D:4      | Reached **** piety under Trog
  3609 | D:4      | Reached XP level 7. HP: 50/52 MP: 7/7
  3727 | D:4      | Found a stormy altar of Qazlal.
  4044 | D:4      | Reached skill level 7 in Axes
  4119 | D:4      | Found Amowuso's Distillery.
  4128 | D:4      | Bought a potion of mutation for 104 gold pieces
  4128 | D:4      | Gained mutation: You are frail. (-10% HP) [potion of mutation]
  4128 | D:4      | Gained mutation: Your system is resistant to poisons. (rPois) [potion of mutation]
  4231 | D:5      | Entered Level 5 of the Dungeon
  4641 | D:5      | Found a staircase to the Ecumenical Temple.
  4650 | D:5      | Noticed bmwyatt74's ghost (novice DsBe)
  4675 | D:5      | Gained mutation: Your natural rate of healing is unusually fast. [mutagenic meat]
  4676 | D:5      | Gained mutation: Armour fits poorly on your strangely shaped body. [mutagenic meat]
  4677 | D:5      | Gained mutation: You passively map a small area around you. [mutagenic meat]
  4678 | D:5      | Lost mutation: Armour fits poorly on your strangely shaped body. [mutagenic meat]
  4679 | D:5      | Gained mutation: You have large cloven feet. [mutagenic meat]
  4680 | D:5      | Gained mutation: Armour fits poorly on your strangely shaped body. [mutagenic meat]
  4756 | D:4      | Bought a potion of mutation for 104 gold pieces
  4756 | D:4      | Lost mutation: You have large cloven feet. [potion of mutation]
  4756 | D:4      | Lost mutation: Armour fits poorly on your strangely shaped body. [potion of mutation]
  4756 | D:4      | Gained mutation: You have an increased reservoir of magic. (+10% MP) [potion of mutation]
  4756 | D:4      | Gained mutation: Your mind is acute. (Int +2) [potion of mutation]
  4758 | D:4      | Quit the game

Vault maps used:
D:1:      lemuel_arrival_funnel, amethyst_killhole
D:2:      kennysheep_donut, roderic_lattice_a, kennysheep_small_spiral
D:3:      first_bread
D:4:      lemuel_doored_altar, serial_shops, shop, minmay_rat_hole
D:5:      minmay_temple_entry_butterflies

Skill      XL: |  1  2  3  4  5  6  7 |
---------------+----------------------+-----
Axes           | 3 4 5 6 7 |  7.7
Shields        | 1 2 3 |  3.7
Fighting       | |  3.0
Armour         | |  1.7
Dodging        | |  1.7

Action                   |  1- 3 |  4- 6 |  7- 9 || total
-------------------------+-------+-------+-------++-------
Melee: Hand axe          |   128 |   168 |       ||   296
       War axe           |       |    49 |    84 ||   133
       Kick              |       |       |     2 ||     2
Invok: Berserk           |       |     5 |     3 ||     8
  Use: Scroll            |     4 |     9 |     3 ||    16
       Potion            |     2 |     4 |     3 ||     9
  Eat: Chunk             |     2 |     3 |     8 ||    13
       Bread ration      |     1 |     1 |       ||     2
       Meat ration       |       |       |     2 ||     2
       Royal jelly       |       |       |     1 ||     1
Armor: Animal skin       |     9 |       |       ||     9
       Ring mail         |    50 |    56 |    46 ||   152
Dodge: Dodged            |    93 |   105 |    60 ||   258
Block: Buckler           |       |    32 |    33 ||    65
